 Dungeon Crawl Stone Soup version 0.28-a0-1213-g0243856f03 (webtiles) character file.

Game seed: 12740963290618736022

166 hazymike the Skirmisher (level 5, -2/47 HPs)
             Began as a Draconian Fighter on Dec 21, 2021.
             Slain by a bullfrog (3 damage)
             ... in a sewer.
             The game lasted 00:18:17 (2957 turns).

hazymike the Skirmisher (Draconian Fighter)         Turns: 2957, Time: 00:18:18

Health: -2/47      AC:  5    Str: 18    XL:     5   Next: 22%
Magic:  5/5        EV: 12    Int: 10    God:
Gold:   55         SH:  5    Dex: 11    Spells: 4/4 levels left

rFire   . . .      SeeInvis .   a - +0 trident
rCold   . . .      Faith    .   b - +1 buckler
rNeg    . . .      Spirit   .   (armour unavailable)
rPois   .          Reflect  .   (helmet restricted)
rElec   .          Harm     .   (no cloak)
rCorr   .          Rampage  .   (no gloves)
Will    .....                   (no boots)
Stlth   +.........              (no amulet)
HPRegen 0.15/turn               (no ring)
MPRegen 0.09/turn               (no ring)

@: mighty
A: AC +5, unfitting armour, cold-blooded
a: no special abilities


You were in a sewer.
You visited 1 branch of the dungeon, and saw 3 of its levels.
You also visited: Sewer.

You collected 88 gold pieces.
You spent 33 gold pieces at shops.

Inventory:

Hand Weapons
 a - a +0 trident (weapon)
Missiles
 f - 36 stones (quivered)
Armour
 b - a +1 buckler (worn)
Wands
 n - a wand of polymorph (7)
Scrolls
 k - a scroll of enchant armour
Potions
 c - a potion of might
 e - 2 potions of magic


   Skills:
 + Level 4.3 Fighting
 * Level 4.1 Polearms
 - Level 2.6 Dodging
 + Level 3.9 Shields


You had 4 spell levels left.
You didn't know any spells.
Your spell library contained the following spells:

 Spells                   Type           Power      Damage    Failure   Level
 Sandblast                Erth           0%         2d4       36%         1
 Blink                    Tloc           0%         N/A       50%         2
 Passwall                 Tmut/Erth      0%         N/A       50%         2
 Lesser Beckoning         Tloc           0%         N/A       75%         3
 Portal Projectile        Hex/Tloc       0%         N/A       75%         3
 Stone Arrow              Conj/Erth      0%         3d7       75%         3
 Blade Hands              Tmut           0%         N/A       100%        5
 Excruciating Wounds      Necr           0%         N/A       100%        5
 Manifold Assault         Tloc           0%         N/A       100%        5


Dungeon Overview and Level Annotations

Branches:
Dungeon (3/15)              Sewer (1/1)

Altars:

Shops:
D:2 !


Innate Abilities, Weirdness & Mutations

Your plain brown scales are hard. (AC +5)
You cannot fit into any form of body armour.
You are cold-blooded and may be slowed by cold attacks.


Message History

The bullfrog is heavily wounded.
The bullfrog hits you but does no damage.
The bullfrog barely misses you. You block the bullfrog's attack.
The bullfrog hits you.
You hit the bullfrog.
Your tail-slap misses the bullfrog.
The bullfrog is heavily wounded.
You block the bullfrog's attack. x2; The bullfrog barely misses you.
The bullfrog hits you.
You closely miss the bullfrog.
Your tail-slap misses the bullfrog.
The bullfrog is heavily wounded.
The bullfrog closely misses you. You block the bullfrog's attack.
You barely miss the bullfrog.
The bullfrog is heavily wounded.
The bullfrog closely misses you. You block the bullfrog's attack.
The bullfrog hits you. x2
You hit the bullfrog.
The bullfrog is severely wounded.
The bullfrog hits you but does no damage.
The bullfrog hits you. x2
You barely miss the bullfrog.
Your tail-slap misses the bullfrog.
The bullfrog is severely wounded.
The bullfrog hits you.
The bullfrog hits you but does no damage.
You block the bullfrog's attack.
You hit the bullfrog.
The bullfrog is severely wounded.
You block the bullfrog's attack. The bullfrog hits you.
* * * LOW HITPOINT WARNING * * *
The bullfrog hits you.
* * * LOW HITPOINT WARNING * * *
The bullfrog hits you!
* * * LOW HITPOINT WARNING * * *
The bullfrog closely misses you. You block the bullfrog's attack.
The bullfrog barely misses you.
The bullfrog hits you but does no damage.
You feel very mighty all of a sudden. The bullfrog hits you.
* * * LOW HITPOINT WARNING * * *
The bullfrog barely misses you. The bullfrog hits you.
You die...

#≈≈≈≈≈≈≈≈≈≈..≈≈≈.≈≈≈≈
#≈≈≈≈≈≈≈≈≈≈≈≈.≈.(..≈≈≈≈≈
#†≈≈≈≈≈≈≈≈≈≈.≈.!?[.≈≈≈≈≈
#.≈≈≈≈≈≈≈≈≈≈..≈≈".≈≈≈≈≈≈
#≈≈≈≈≈≈≈≈≈≈.≈≈≈≈≈≈≈≈≈≈≈≈
#≈≈≈≈≈≈≈≈≈≈≈≈.≈≈≈≈≈≈≈≈≈≈
#≈≈≈≈.≈≈≈≈≈≈≈≈≈≈≈≈≈≈≈≈≈≈
#.≈≈≈.F≈≈≈≈≈≈≈≈≈≈≈≈≈≈≈##
#.≈≈≈≈F@≈≈≈≈≈≈≈≈≈≈......
#.≈≈≈≈≈≈≈≈≈≈≈≈≈≈≈≈≈≈≈≈≈≈
#.≈≈≈≈≈≈≈≈≈≈≈≈≈≈≈≈≈≈≈≈≈≈
#..≈≈≈≈≈≈≈≈≈≈≈≈≈≈≈≈≈≈≈≈≈
##......................
#######################
### ########.≈
#.∩.∩..≈†≈


You could see 2 bullfrogs.

Vanquished Creatures
  Robin (D:3)
  6 adders
  A worm (D:3)
  2 dart slugs
  2 endoplasms (D:1)
  7 giant cockroaches
  13 goblins
  6 hobgoblins
  2 jackals (D:3)
  8 kobolds
  10 quokkas
  9 ball pythons
  6 bats
  5 frilled lizards
  9 rats
87 creatures vanquished.

Vanquished Creatures (others)
  2 plants (D:3)
2 creatures vanquished.

Grand Total: 89 creatures vanquished

Notes
Turn   | Place    | Note
-------+----------+-------------------------------------------
     0 | D:1      | hazymike the Draconian Fighter began the quest for the Orb.
     0 | D:1      | Reached XP level 1. HP: 19/19 MP: 1/1
   444 | D:1      | Reached XP level 2. HP: 26/26 MP: 2/2
   704 | D:1      | Found a faded altar of an unknown god.
   930 | D:1      | Reached XP level 3. HP: 30/31 MP: 3/3
  1885 | D:2      | Reached XP level 4. HP: 37/40 MP: 4/4
  1968 | D:2      | Found Panelob's Distillery.
  1986 | D:2      | Bought a potion of curing for 33 gold pieces
  2352 | D:3      | Noticed Robin
  2359 | D:3      | Killed Robin
  2588 | D:3      | Found a glowing drain.
  2596 | Sewer    | Entered a sewer
  2780 | Sewer    | Reached XP level 5. HP: 46/46 MP: 5/5
  2957 | Sewer    | HP: 1/47 [bullfrog (4)]
  2957 | Sewer    | Slain by a bullfrog

Illustrated notes

Levels and vault maps discovered:
D:1:      kilobyte_arrival_exit_the_forest, layout_basic,
          hellmonk_ecumenical_altar_crossroads, minmay_misc_feat_roman,
          fountainhead, bh_walls_and_bars
D:2:      layout_rooms, serial_shops, nicolae_shop_waterfront
D:3:      layout_loops_ring, mainiacjoe_overflow_concentric_impassable,
          old_standard_altar, ebering_ghost_sewer_f, gup_sewer_entry_bubbles,
          serial_bayou_pond_d, kennysheep_nondescript, uniq_grinder, uniq_robin,
          uniq_crazy_yiuf_cottage
Sewer:    sewer_frog_island_01

Skill      XL: |  1  2  3  4 |
---------------+-------------+-----
Polearms       | 3 4 |  4.1
Fighting       | 4 |  4.3
Dodging        | |  2.6
Shields        | |  3.9

Action                   |  1- 3 |  4- 6 || total
-------------------------+-------+-------++-------
Melee: Trident           |   131 |   171 ||   302
       Tailslap          |    12 |     9 ||    21
Throw: Stone             |    17 |    40 ||    57
  Use: Scroll            |       |     7 ||     7
       Potion            |       |     2 ||     2
 Stab: Sleeping          |     2 |       ||     2
Armor: Skin              |    27 |    32 ||    59
Dodge: Dodged            |    66 |    83 ||   149
Block: Buckler           |    20 |    40 ||    60

Table legend: (Time is in decaauts)
 A = Elapsed time spent in this place.
 B = Non-inter-level travel time spent in this place.
 C = Inter-level travel time spent in this place.
 D = Time resting spent in this place.
 E = Time spent auto-exploring this place.
 F = Levels seen in this place.
 G = Mean time per level.
                   A        B        C        D        E       F      G
               +--------+--------+--------+--------+--------+-----+--------+
         Total |   3072 |   2834 |    238 |    477 |   1432 |   4 |  768.0 |
       Dungeon |   2667 |   2429 |    238 |    368 |   1300 |   3 |  889.0 |
         Sewer |    405 |    405 |      0 |    109 |    131 |   1 |  405.0 |
               +--------+--------+--------+--------+--------+-----+--------+

Top non-repeatable levels by time:
     D:1: 1715 daAuts
     D:2: 597 daAuts
   Sewer: 405 daAuts
     D:3: 354 daAuts
